IL
IOWA CUBS @ LOUISVILLE BATS
08/05/2044
 
TOP OF THE 1ST
Iowa Cubs batting - Pitching for Louisville Bats : LHP Elijah McLeod
Pitching: LHP Elijah McLeod
Batting: LHB Barend van der Kamp 0-0: SINGLE (Groundball, 34D, EV 94.4 MPH)
Batting: RHB Pat Barton 0-0: Called Strike
0-1: Ball
1-1: Foul Ball, location: 2F
1-2: SINGLE (Line Drive, 4D, EV 95.0 MPH)
Barend van der Kamp to second
Batting: SHB Tim Hone 0-0: Called Strike
0-1: Foul Ball, location: 2F
0-2: SINGLE (Line Drive, 56, EV 93.8 MPH)
Barend van der Kamp to third
Pat Barton to second
Batting: RHB Butch Koglin 0-0: Foul Ball, location: 2F
0-1: Ball
1-1: Foul Ball, location: 2F
1-2: Grounds into double play, 5-4-3 (Groundball, 56, EV 90.6 MPH)
Barend van der Kamp scores
Pat Barton to third
Batting: SHB Seung-ho Zhang 0-0: Called Strike
0-1: Ball
1-1: Ball
2-1: Called Strike
2-2: Ball
3-2: Foul Ball, location: 2F
3-2: Foul Ball, location: 2F
3-2: Foul Ball, location: 2F
3-2: Base on Balls
Batting: LHB Chris Morgan 0-0: Ball
1-0: Foul Ball, location: 2F
1-1: Swinging Strike
1-2: Strikes out swinging
Top of the 1st over - 1 run, 3 hits, 0 errors, 2 left on base; Iowa 1 - Louisville 0
BOTTOM OF THE 1ST
Louisville Bats batting - Pitching for Iowa Cubs : RHP Gabe Wagner
Pitching: RHP Gabe Wagner
Batting: RHB Willie Lazcano 0-0: Called Strike
0-1: Swinging Strike
0-2: Strikes out swinging
Batting: SHB Paul Sandoval 0-0: Ball
1-0: Ball
2-0: Ball
3-0: Base on Balls
Batting: LHB Randy Racine 0-0: Grounds into double play, 5-4-3 (Groundball, 56, EV 89.4 MPH)
Bottom of the 1st over - 0 runs, 0 hits, 0 errors, 0 left on base; Iowa 1 - Louisville 0
TOP OF THE 2ND
Iowa Cubs batting - Pitching for Louisville Bats : LHP Elijah McLeod
Batting: SHB Nick Chandler 0-0: Foul Ball, location: 2F
0-1: Swinging Strike
0-2: SINGLE (Flyball, 6D, EV 98.1 MPH)
Batting: LHB Rich Atterberry 0-0: Ball
1-0: Called Strike
1-1: Ball
2-1: Fly out, F7 (Flyball, 78D, EV 87.5 MPH)
Batting: LHB Jose Mojica 0-0: Ball
1-0: Called Strike
1-1: Ball
2-1: Foul Ball, location: 2F
2-2: Foul Ball, location: 2F
2-2: Strikes out looking
Batting: LHB Barend van der Kamp 0-0: Ball
1-0: Swinging Strike
1-1: Fly out, F9 (Flyball, 89M, EV 88.8 MPH)
Top of the 2nd over - 0 runs, 1 hit, 0 errors, 1 left on base; Iowa 1 - Louisville 0
BOTTOM OF THE 2ND
Louisville Bats batting - Pitching for Iowa Cubs : RHP Gabe Wagner
Batting: RHB Jason Harris 0-0: Ball
1-0: Foul Ball, location: 2F
1-1: Swinging Strike
1-2: Ball
2-2: Foul Ball, location: 2F
2-2: Ball
3-2: Strikes out swinging
Batting: SHB Tim Utz 0-0: Ball
1-0: Ball
2-0: Swinging Strike
2-1: Foul Ball, location: 2F
2-2: Ball
3-2: Base on Balls
Batting: RHB Danny Real 0-0: Ball
1-0: Swinging Strike
1-1: Called Strike
1-2: Foul Ball, location: 2F
1-2: Ball
2-2: Strikes out swinging
Batting: RHB Chris Zamora 0-0: Fielders Choice at 2nd, 6-4 (Groundball, 56, EV 87.5 MPH)
Bottom of the 2nd over - 0 runs, 0 hits, 0 errors, 1 left on base; Iowa 1 - Louisville 0
TOP OF THE 3RD
Iowa Cubs batting - Pitching for Louisville Bats : LHP Elijah McLeod
Batting: RHB Pat Barton 0-0: Called Strike
0-1: Swinging Strike
0-2: Foul Ball, location: 2F
0-2: Strikes out looking
Batting: SHB Tim Hone 0-0: Called Strike
0-1: Swinging Strike
0-2: Ball
1-2: Strikes out looking
Batting: RHB Butch Koglin 0-0: Called Strike
0-1: Ground out 4-3 (Groundball, 4MS, EV 70.0 MPH)
Top of the 3rd over - 0 runs, 0 hits, 0 errors, 0 left on base; Iowa 1 - Louisville 0
BOTTOM OF THE 3RD
Louisville Bats batting - Pitching for Iowa Cubs : RHP Gabe Wagner
Batting: RHB Estanislau Gosendes 0-0: Called Strike
0-1: Ball
1-1: Foul Ball, location: 2F
1-2: Strikes out swinging
Batting: RHB Yasusaburo Kuwahara 0-0: Swinging Strike
0-1: Foul Ball, location: 2F
0-2: Ball
1-2: Strikes out swinging
Batting: RHB Willie Lazcano 0-0: Foul Ball, location: 2F
0-1: Swinging Strike
0-2: Foul Ball, location: 2F
0-2: Foul Ball, location: 2F
0-2: Ball
1-2: Ball
2-2: Fly out, F4 (Line Drive, 4, EV 71.9 MPH)
Bottom of the 3rd over - 0 runs, 0 hits, 0 errors, 0 left on base; Iowa 1 - Louisville 0
TOP OF THE 4TH
Iowa Cubs batting - Pitching for Louisville Bats : LHP Elijah McLeod
Batting: SHB Seung-ho Zhang 0-0: Ball
1-0: SINGLE (Groundball, 4MD, EV 81.9 MPH) (infield hit)
Batting: LHB Chris Morgan 0-0: Ball
1-0: Grounds into double play, 4-6-3 (Groundball, 34, EV 108.1 MPH)
Batting: SHB Nick Chandler 0-0: Called Strike
0-1: Fly out, F5 (Flyball, 5D, EV 75.6 MPH)
Top of the 4th over - 0 runs, 1 hit, 0 errors, 0 left on base; Iowa 1 - Louisville 0
BOTTOM OF THE 4TH
Louisville Bats batting - Pitching for Iowa Cubs : RHP Gabe Wagner
Batting: SHB Paul Sandoval 0-0: Called Strike
0-1: Foul Ball, location: 2F
0-2: Strikes out looking
Batting: LHB Randy Racine 0-0: Ball
1-0: Foul Ball, location: 2F
1-1: Ball
2-1: Foul Ball, location: 2F
2-2: Ground out 4-3 (Groundball, 4, EV 84.4 MPH)
Batting: RHB Jason Harris 0-0: Foul Ball, location: 2F
0-1: Ground out 6-3 (Groundball, 56, EV 89.4 MPH)
Bottom of the 4th over - 0 runs, 0 hits, 0 errors, 0 left on base; Iowa 1 - Louisville 0
TOP OF THE 5TH
Iowa Cubs batting - Pitching for Louisville Bats : LHP Elijah McLeod
Batting: LHB Rich Atterberry 0-0: Ball
1-0: Called Strike
1-1: Ball
2-1: Ground out 6-3 (Groundball, 6MD, EV 108.1 MPH)
Batting: LHB Jose Mojica 0-0: Foul Ball, location: 2F
0-1: Fly out, F8 (Flyball, 8LD, EV 90.6 MPH)
Batting: LHB Barend van der Kamp 0-0: Called Strike
0-1: Swinging Strike
0-2: Strikes out swinging, 2-3 out at first.
Top of the 5th over - 0 runs, 0 hits, 0 errors, 0 left on base; Iowa 1 - Louisville 0
BOTTOM OF THE 5TH
Louisville Bats batting - Pitching for Iowa Cubs : RHP Gabe Wagner
Batting: SHB Tim Utz 0-0: Ground out U3 (Groundball, 3, EV 90.0 MPH)
Batting: RHB Danny Real 0-0: Called Strike
0-1: Ball
1-1: SINGLE (Groundball, 6S, EV 76.3 MPH) (infield hit)
Batting: RHB Chris Zamora 0-0: Ball
1-0: Called Strike
1-1: Ball
2-1: Fly out, F6 (Line Drive, 6, EV 66.9 MPH)
Batting: RHB Estanislau Gosendes 0-0: Called Strike
0-1: Called Strike
Danny Real steals 2nd base
0-2: Ball
1-2: Ground out 5-3 (Groundball, 5S, EV 65.6 MPH)
Bottom of the 5th over - 0 runs, 1 hit, 0 errors, 1 left on base; Iowa 1 - Louisville 0
TOP OF THE 6TH
Iowa Cubs batting - Pitching for Louisville Bats : LHP Elijah McLeod
Batting: RHB Pat Barton 0-0: Swinging Strike
0-1: Ball
1-1: Ball
2-1: SINGLE (Line Drive, 6M, EV 95.0 MPH)
Batting: SHB Tim Hone 0-0: Ball
1-0: Called Strike
1-1: Called Strike
1-2: SINGLE (Line Drive, 7S, EV 100.6 MPH)
Pat Barton to second
Batting: RHB Butch Koglin 0-0: Ball
1-0: Foul Ball, location: 2F
1-1: Fly out, F9 (Line Drive, 9, EV 99.4 MPH)
Batting: SHB Seung-ho Zhang 0-0: Called Strike
0-1: Called Strike
0-2: Ball
1-2: Strikes out swinging
Batting: LHB Chris Morgan 0-0: Ball
1-0: Fly out, F9 (Line Drive, 9, EV 86.9 MPH)
Top of the 6th over - 0 runs, 2 hits, 0 errors, 2 left on base; Iowa 1 - Louisville 0
BOTTOM OF THE 6TH
Louisville Bats batting - Pitching for Iowa Cubs : RHP Gabe Wagner
Batting: RHB Yasusaburo Kuwahara 0-0: Foul Ball, location: 2F
0-1: Fly out, F8 (Flyball, 89M, EV 78.8 MPH)
Batting: RHB Willie Lazcano 0-0: Ball
1-0: Swinging Strike
1-1: Ball
2-1: SINGLE (Line Drive, 89S, EV 101.3 MPH)
Batting: SHB Paul Sandoval 0-0: Ball
Pickoff Throw to First - Error! E1
Willie Lazcano to second
1-0: Swinging Strike
1-1: Foul Ball, location: 2F
1-2: Foul Ball, location: 2F
1-2: Foul Ball, location: 2F
1-2: Strikes out swinging
Batting: LHB Randy Racine 0-0: Foul Ball, location: 2F
0-1: Ball
1-1: Foul Ball, location: 2F
1-2: Ball
2-2: Foul Ball, location: 2F
2-2: Foul Ball, location: 2F
2-2: Ball
3-2: Base on Balls
Batting: RHB Jason Harris 0-0: Ground out 4-3 (Groundball, 4, EV 85.6 MPH)
Bottom of the 6th over - 0 runs, 1 hit, 1 error, 2 left on base; Iowa 1 - Louisville 0
TOP OF THE 7TH
Iowa Cubs batting - Pitching for Louisville Bats : LHP Elijah McLeod
Batting: SHB Nick Chandler 0-0: Ball
1-0: Fly out, F2 (Popup, 25F, EV 92.5 MPH)
Batting: LHB Rich Atterberry 0-0: Ball
1-0: Called Strike
1-1: Called Strike
1-2: Foul Ball, location: 2F
1-2: Ball
2-2: Ball
3-2: Base on Balls
Batting: LHB Jose Mojica 0-0: Swinging Strike
0-1: Called Strike
0-2: Strikes out swinging
Pitching: LHP Logan Moultry
Batting: LHB Barend van der Kamp 0-0: Foul Ball, location: 2F
0-1: Ball
1-1: Ball
2-1: Foul Ball, location: 2F
2-2: Foul Ball, location: 2F
2-2: Strikes out swinging
Top of the 7th over - 0 runs, 0 hits, 0 errors, 1 left on base; Iowa 1 - Louisville 0
BOTTOM OF THE 7TH
Louisville Bats batting - Pitching for Iowa Cubs : RHP Gabe Wagner
Batting: SHB Tim Utz 0-0: Foul Ball, location: 2F
0-1: Ground out 4-3 (Groundball, 4S, EV 83.8 MPH)
Batting: RHB Danny Real 0-0: SINGLE (Groundball, 5S, EV 60.6 MPH) (infield hit)
Batting: RHB Chris Zamora 0-0: Called Strike
Danny Real steals 2nd base
0-1: Ball
1-1: Ball
2-1: DOUBLE (Groundball, 5L, EV 104.4 MPH)
Danny Real scores
Batting: RHB Estanislau Gosendes 0-0: Ball
1-0: Ball
2-0: Called Strike
2-1: Called Strike
2-2: SINGLE (Line Drive, 34D, EV 101.9 MPH)
Chris Zamora to third
Pitching: RHP Joe Pate
Pinch Hitting: SHB Freddie Farrar 0-0: Foul Ball, location: 2F
0-1: Ball
1-1: Ball
2-1: Fielders Choice at 2nd, 4-6 (Groundball, 4, EV 83.1 MPH)
Chris Zamora scores
Batting: RHB Willie Lazcano 0-0: Ball
1-0: Ball
2-0: Foul Ball, location: 2F
2-1: Foul Ball, location: 2F
2-2: Foul Ball, location: 2F
2-2: Foul Ball, location: 2F
2-2: Fly out, F9 (Flyball, 9S, EV 92.5 MPH)
Bottom of the 7th over - 2 runs, 3 hits, 0 errors, 1 left on base; Iowa 1 - Louisville 2
TOP OF THE 8TH
Iowa Cubs batting - Pitching for Louisville Bats : LHP Logan Moultry
Now at 2B: Freddie Farrar
Now at SS: Paul Sandoval
Batting: RHB Pat Barton 0-0: Called Strike
0-1: Ball
1-1: Foul Ball, location: 2F
1-2: Foul Ball, location: 2F
1-2: Ball
2-2: Foul Ball, location: 2F
2-2: SINGLE (Groundball, 6MD, EV 100.6 MPH)
Batting: SHB Tim Hone 0-0: Foul Ball, location: 2F
0-1: Ball
1-1: Ball
Passed Ball!
Pat Barton to second
2-1: Ground out 4-3 (Groundball, 4, EV 88.1 MPH)
Pat Barton to third
Batting: RHB Butch Koglin 0-0: Ball
1-0: Ball
2-0: Ball
3-0: Called Strike
3-1: Called Strike
3-2: SINGLE (Groundball, 4M, EV 97.5 MPH)
Pat Barton scores
Batting: SHB Seung-ho Zhang 0-0: Fielders Choice at 2nd, 6-4 (Groundball, 6, EV 82.5 MPH)
Pinch Hitting: RHB Shintaro Katsumata 0-0: Ball
1-0: Called Strike
1-1: Called Strike
1-2: Fly out, F8 (Flyball, 8LD, EV 91.3 MPH)
Top of the 8th over - 1 run, 2 hits, 0 errors, 1 left on base; Iowa 2 - Louisville 2
BOTTOM OF THE 8TH
Louisville Bats batting - Pitching for Iowa Cubs : RHP Joe Pate
Now at 1B: Bobby Adams
Batting: SHB Paul Sandoval 0-0: Foul Ball, location: 2F
0-1: Ball
1-1: Swinging Strike
1-2: TRIPLE (Flyball, 89XD, EV 97.5 MPH)
Batting: LHB Randy Racine 0-0: Intentional Walk
Batting: RHB Jason Harris 0-0: Foul Ball, location: 2F
0-1: Called Strike
0-2: Ball
1-2: Ball
2-2: Strikes out swinging
Batting: SHB Tim Utz 0-0: Ball
1-0: Ball
2-0: Ball
3-0: Called Strike
3-1: Foul Ball, location: 2F
3-2: Strikes out looking
Batting: RHB Danny Real 0-0: Ball
1-0: Ball
2-0: Swinging Strike
2-1: Fielders Choice at 2nd, 5-4 (Groundball, 56, EV 80.6 MPH)
Bottom of the 8th over - 0 runs, 1 hit, 0 errors, 2 left on base; Iowa 2 - Louisville 2
TOP OF THE 9TH
Iowa Cubs batting - Pitching for Louisville Bats : LHP Logan Moultry
Pitching: LHP Matt Walton
Batting: SHB Nick Chandler 0-0: Ball
1-0: Called Strike
1-1: Foul Ball, location: 2F
1-2: DOUBLE (Groundball, 5L, EV 94.4 MPH)
Pinch Hitting: RHB Peter Croston 0-0: Intentional Walk
Batting: LHB Jose Mojica 0-0: Called Strike
0-1: Ball
1-1: Foul Ball, location: 2F
1-2: Ball
2-2: Fly out, F8 (Line Drive, 8RD, EV 87.5 MPH)
Batting: LHB Barend van der Kamp 0-0: Swinging Strike
0-1: Ball
1-1: Called Strike
1-2: Strikes out swinging
Batting: RHB Pat Barton 0-0: Fielders Choice at 2nd, U4 (Groundball, 4M, EV 86.3 MPH)
Top of the 9th over - 0 runs, 1 hit, 0 errors, 2 left on base; Iowa 2 - Louisville 2
BOTTOM OF THE 9TH
Louisville Bats batting - Pitching for Iowa Cubs : RHP Joe Pate
Pitching: RHP Bryant Bradley
Now at C: R.J. Vargas
Batting: RHB Chris Zamora 0-0: Foul Ball, location: 2F
0-1: Ball
1-1: Called Strike
1-2: SINGLE (Groundball, 6MD, EV 96.3 MPH)
Batting: RHB Estanislau Gosendes 0-0: Fly out, F9 (Flyball, 89M, EV 90.0 MPH)
Batting: SHB Freddie Farrar 0-0: Foul Ball, location: 2F
0-1: Foul Ball, location: 2F
0-2: DOUBLE (Groundball, 3L, EV 100.6 MPH)
Chris Zamora to third
Batting: RHB Willie Lazcano 0-0: Called Strike
0-1: Ball
1-1: Fielders Choice at home, 5-2 (Groundball, 25, EV 72.5 MPH)
Freddie Farrar to third
Batting: SHB Paul Sandoval 0-0: Foul Ball, location: 2F
0-1: Ball
1-1: Ball
2-1: Fly out, F7 (Flyball, 78D, EV 102.5 MPH)
Bottom of the 9th over - 0 runs, 2 hits, 0 errors, 2 left on base; Iowa 2 - Louisville 2
TOP OF THE 10TH
Iowa Cubs batting - Pitching for Louisville Bats : LHP Matt Walton
Batting: SHB Tim Hone 0-0: Ball
1-0: Ground out 1-3 (Groundball, 15S, EV 61.9 MPH)
Batting: RHB Butch Koglin 0-0: Called Strike
0-1: Ball
1-1: Ball
2-1: Called Strike
2-2: Ball
3-2: Foul Ball, location: 2F
3-2: Ground out 3-1 (Groundball, 34, EV 81.9 MPH)
Batting: SHB Seung-ho Zhang 0-0: Ball
1-0: Swinging Strike
1-1: Foul Ball, location: 2F
1-2: Strikes out looking
Top of the 10th over - 0 runs, 0 hits, 0 errors, 0 left on base; Iowa 2 - Louisville 2
BOTTOM OF THE 10TH
Louisville Bats batting - Pitching for Iowa Cubs : RHP Bryant Bradley
Batting: LHB Randy Racine 0-0: Ball
1-0: Ball
2-0: Called Strike
2-1: Ball
3-1: Ground out 4-3 (Groundball, 4MS, EV 90.0 MPH)
Batting: RHB Jason Harris 0-0: Ball
1-0: Foul Ball, location: 2F
1-1: Ground out 4-3 (Groundball, 4, EV 93.1 MPH)
Batting: SHB Tim Utz 0-0: Called Strike
0-1: Ball
1-1: Foul Ball, location: 2F
1-2: Strikes out swinging
Bottom of the 10th over - 0 runs, 0 hits, 0 errors, 0 left on base; Iowa 2 - Louisville 2
TOP OF THE 11TH
Iowa Cubs batting - Pitching for Louisville Bats : LHP Matt Walton
Pitching: LHP Zach Masengill
Batting: LHB Bobby Adams 0-0: Called Strike
0-1: Ball
1-1: SINGLE (Groundball, 25, EV 70.0 MPH) (infield hit)
Batting: SHB Nick Chandler 0-0: Ball
1-0: Reached on error, E3 (Groundball, 3, EV 83.1 MPH)
Bobby Adams to second
Batting: SHB R.J. Vargas 0-0: Called Strike
0-1: Called Strike
0-2: Ball
1-2: Strikes out swinging
Batting: LHB Jose Mojica 0-0: SINGLE (Line Drive, 9LS, EV 99.4 MPH)
Bobby Adams to third
Nick Chandler to second
Batting: LHB Barend van der Kamp 0-0: SINGLE (Groundball, 4MD, EV 105.6 MPH)
Bobby Adams scores
Nick Chandler to third
Jose Mojica to second
Batting: RHB Pat Barton 0-0: Called Strike
0-1: Ball
1-1: Swinging Strike
1-2: Strikes out swinging
Batting: SHB Tim Hone 0-0: SINGLE (Groundball, 6MD, EV 95.0 MPH)
Nick Chandler scores
Jose Mojica to third
Barend van der Kamp to second
Runner from 3rd tries for Home, SAFE, throw by CF to home
Pitching: RHP Whitney Batten
Batting: RHB Butch Koglin 0-0: Called Strike
0-1: Called Strike
0-2: Ground out 1-3 (Groundball, 13S, EV 61.3 MPH)
Top of the 11th over - 3 runs, 4 hits, 1 error, 2 left on base; Iowa 5 - Louisville 2
BOTTOM OF THE 11TH
Louisville Bats batting - Pitching for Iowa Cubs : RHP Bryant Bradley
Batting: RHB Danny Real 0-0: Swinging Strike
0-1: Ball
1-1: Foul Ball, location: 2F
1-2: Strikes out swinging
Batting: RHB Chris Zamora 0-0: Called Strike
0-1: Swinging Strike
0-2: Ball
1-2: SINGLE (Groundball, 6S, EV 66.9 MPH) (infield hit)
Batting: RHB Estanislau Gosendes 0-0: Ball
1-0: Ball
2-0: Ball
3-0: Called Strike
3-1: Foul Ball, location: 2F
3-2: Foul Ball, location: 2F
3-2: SINGLE (Line Drive, 3D, EV 101.3 MPH)
Chris Zamora to second
Batting: SHB Freddie Farrar 0-0: Called Strike
0-1: Ball
1-1: Ball
2-1: Ball
3-1: Called Strike
3-2: Foul Ball, location: 2F
3-2: Reached on error, E4 (Groundball, 4, EV 85.0 MPH)
Chris Zamora to third
Estanislau Gosendes to second
Batting: RHB Willie Lazcano 0-0: Foul Ball, location: 2F
0-1: Swinging Strike
0-2: Foul Ball, location: 2F
0-2: Ball
1-2: Ball
2-2: Foul Ball, location: 2F
2-2: Fielders Choice at 2nd, 4-6 (Groundball, 4, EV 106.3 MPH)
Chris Zamora scores
Estanislau Gosendes to third
Pitching: LHP Shane Stratton
Batting: SHB Paul Sandoval 0-0: Foul Ball, location: 2F
0-1: Ball
1-1: Ball
2-1: Ground out 1-3 (Groundball, 13S, EV 73.1 MPH)
Bottom of the 11th over - 1 run, 2 hits, 1 error, 2 left on base; Iowa 5 - Louisville 3
Thursday, March 31st , 2022 - OOTP Baseball 22.12 Build 89